 Dungeon Crawl Stone Soup version 0.26-a0-28-gc929df5585 (webtiles) character file.

Game seed: 9456885315894682516, levelgen mode: deterministic

213131 Essalna the Fighter (level 18, -8/116 HPs)
             Began as a Gargoyle Ice Elementalist on May 28, 2020.
             Was the Champion of Vehumet.
             Mangled by a white very ugly thing (19 damage)
             ... in an ice cave.
             The game lasted 02:09:18 (31944 turns).

Essalna the Fighter (Gargoyle Ice Elementalist)    Turns: 31944, Time: 02:09:18

Health: -8/116     AC: 23    Str: 13    XL:     18   Next: 95%
Magic:  31/34      EV: 23    Int: 26    God:    Vehumet [******]
Gold:   3063       SH:  0    Dex: 14    Spells: 7/41 levels left

rFire    + . .     SeeInvis .   B - +11 plutonium sword {*Contam Stlth-}
rCold    + . .     Gourm    .   (shield currently unavailable)
rNeg     + . .     Faith    .   (no armour)
rPois    ∞         Spirit   .   w - +2 helmet {Int+3}
rElec    +         Reflect  .   r - +0 cloak {rCorr}
rCorr    +         Harm     .   y - +1 pair of gloves
MR       +....                  q - +0 pair of boots
Stlth    +.........             O - amulet of regeneration
HPRegen  0.69/turn              b - +4 ring of evasion
MPRegen  0.24/turn              s - ring of Orthodoxy {rF+ rC+ Dex+4}

@: flying
A: big wings, negative energy resistance 1, electricity resistance, unbreathing,
petrification resistance, rot immunity, AC +13
}: 1/15 runes: barnacled
a: Stop Flying, Renounce Religion


You were in an ice cave.
You worshipped Vehumet.
Vehumet was exalted by your worship.
You were not hungry.

You visited 6 branches of the dungeon, and saw 31 of its levels.
You also visited: Ice Cave.

You collected 4279 gold pieces.
You spent 1216 gold pieces at shops.

Inventory:

Hand Weapons
 B - the +11 plutonium sword (weapon) {*Contam Stlth-}
   (You found it on level 8 of the Dungeon)

   It causes magical contamination when unequipped.
   It makes you less stealthy.
 L - the +7 falchion "Mopront" {vorpal, Int+2}
   (You found it on level 1 of the Lair of Beasts)

   It inflicts extra damage upon your enemies.
   It affects your intelligence (+2).
Armour
 p - the -3 pair of boots of Wezeocav {-Tele Int+6}
   (You acquired it on level 11 of the Dungeon)

   It affects your intelligence (+6).
   It prevents most forms of teleportation.
 q - a +0 pair of boots (worn)
 r - a +0 cloak of preservation (worn)
 w - a +2 helmet of intelligence (worn)
 y - a +1 pair of gloves (worn)
 N - +0 acid dragon scales
Magical Staves
 J - an uncursed staff of cold {unknown}
 S - an uncursed staff of death {unknown}
 X - an uncursed staff of cold {unknown}
 Z - an uncursed staff of poison {unknown}
Jewellery
 b - a +4 ring of evasion (left hand)
 g - a cursed amulet of faith
 i - a cursed ring of teleportation {unknown}
 m - an uncursed ring of stealth {unknown}
 s - the ring of Orthodoxy (right hand) {rF+ rC+ Dex+4}
   (You bought it in a shop on level 4 of the Dungeon)

   [ring of protection from fire]

   It affects your dexterity (+4).
   It protects you from fire.
   It protects you from cold.
 A - an uncursed amulet of the acrobat
 E - an uncursed ring of poison resistance {unknown}
 H - an uncursed ring of magical power
 O - an amulet of regeneration (around neck)
 W - an uncursed ring of see invisible
Wands
 t - a wand of clouds (10)
 v - a wand of acid (19)
 C - a wand of paralysis (4)
 P - a wand of enslavement (8)
 U - a wand of disintegration (20)
Scrolls
 a - 6 scrolls of enchant armour
 d - 9 scrolls of teleportation
 o - 4 scrolls of fog
 x - 10 scrolls of remove curse
 z - 2 scrolls of magic mapping
 D - 4 scrolls of amnesia
 G - 10 scrolls of enchant weapon
 I - 4 scrolls of blinking
 K - 4 scrolls of immolation
 M - 3 scrolls of identify
 Q - a scroll of holy word
 T - 2 scrolls of fear
Potions
 e - a potion of invisibility
 f - a potion of might
 h - 5 potions of mutation
 j - 10 potions of curing
 k - 6 potions of heal wounds
 l - 5 potions of magic
 n - 3 potions of brilliance
 u - 6 potions of cancellation
 F - 4 potions of haste
 V - 2 potions of stabbing
 Y - 2 potions of berserk rage
Comestibles
 c - 46 rations


   Skills:
 + Level 14.1 Fighting
 - Level 11.0 Long Blades
 + Level 14.0 Armour
 + Level 11.1 Dodging
 - Level 2.1 Stealth
 + Level 12.3 Spellcasting
 - Level 10.0 Conjurations
 + Level 13.7 Ice Magic
 + Level 11.5 Earth Magic


You had 7 spell levels left.
You knew the following spells:

 Your Spells              Type           Power        Failure   Level  Hunger
a - Freeze                Ice            ####         0%          1    None
b - Frozen Ramparts       Ice            ######       1%          3    None
c - Ozocubu's Refrigerat  Ice            ######....   1%          6    #####..
d - Hailstorm             Conj/Ice       ######..     1%          4    None
e - Lee's Rapid Deconstr  Erth           ######....   1%          5    ###....
f - Swiftness             Chrm/Air       ###.....     5%          2    None
g - Freezing Cloud        Conj/Ice/Air   ######....   6%          6    #####..
h - Orb of Destruction    Conj           ######....   13%         7    ######.

Your spell library contained the following spells:

 Spells                   Type           Power        Failure   Level  Hunger
 Chain Lightning          Conj/Air       #####.....   99%         8    #######
 Shatter                  Erth           ######....   99%         9    #######
 Ignition                 Fire           ###.......   100%        8    #######
 Foxfire                  Conj/Fire      ####         1%          1    None
 Sandblast                Erth           ######       1%          1    None
 Shock                    Conj/Air       ####         1%          1    None
 Passwall                 Tmut/Erth      #####...     1%          2    None
 Conjure Flame            Conj/Fire      #####...     1%          3    None
 Ozocubu's Armour         Chrm/Ice       ######..     1%          3    None
 Static Discharge         Conj/Air       #####...     1%          3    None
 Stone Arrow              Conj/Erth      ######       1%          3    None
 Sticky Flame             Conj/Fire      #####...     1%          4    None
 Summon Ice Beast         Ice/Summ       ######..     2%          4    None
 Animate Skeleton         Necr           N/A          3%          1    None
 Pain                     Necr           ###.         3%          1    None
 Inner Flame              Hex/Fire       ###.....     3%          3    None
 Petrify                  Tmut/Erth      #####...     3%          4    None
 Fireball                 Conj/Fire      #####.....   3%          5    ###....
 Lightning Bolt           Conj/Air       #####.....   3%          5    ###....
 Corpse Rot               Necr/Air       N/A          5%          2    None
 Metabolic Englaciation   Hex/Ice        ######....   6%          5    ###....
 Confusing Touch          Hex            ###.....     11%         3    None
 Gell's Gravitas          Tloc           ###.......   11%         3    None
 Vampiric Draining        Necr           ###.......   11%         3    None
 Airstrike                Air            ###.......   11%         4    None
 Conjure Ball Lightning   Conj/Air       #####.....   17%         6    #####..
 Yara's Violent Unravell  Hex/Tmut       ###.......   26%         5    ###....
 Animate Dead             Necr           N/A          36%         4    None
 Dispel Undead            Necr           ###.....     36%         4    None
 Passage of Golubria      Tloc           N/A          36%         4    None
 Agony                    Necr           ###.....     71%         5    ###....
 Excruciating Wounds      Chrm/Necr      ###.......   71%         5    ###....
 Summon Forest            Summ/Tloc      ###.......   71%         5    ###....
 Darkness                 Hex            ###.......   99%         6    #####..
 Death Channel            Necr           ###.......   99%         6    #####..
 Dispersal                Tloc           ###.......   99%         6    #####..
 Eringya's Noxious Bog    Tmut/Pois      ###.......   99%         6    #####..
 Hydra Form               Tmut           ###.......   99%         6    #####..
 Invisibility             Hex            ###.....     99%         6    #####..
 Shadow Creatures         Summ           N/A          99%         6    #####..
 Summon Hydra             Summ           ###.......   100%        7    ######.
 Sublimation of Blood     Necr           Unusable     N/A         2    N/A
 Statue Form              Tmut/Erth      Unusable     N/A         6    N/A

Dungeon Overview and Level Annotations

Branches:
Dungeon (15/15)            Temple (1/1) D:4            Lair (6/6) D:8
 Shoals (4/4) Lair:3        Snake (3/4) Lair:2        Slime (0/5) Lair:6
    Orc (2/2) D:12            Elf (0/3) Orc:2        Vaults (0/5) D:13
 Depths (0/5) D:15          IceCv (1/1)

Altars:
Ashenzari
Cheibriados
Dithmenos
Elyvilon
Fedhas
Gozag
Hepliaklqana
Kikubaaqudgha
Makhleb
Nemelex Xobeh
Okawaru
Qazlal
Ru
Sif Muna
Trog
Uskayaw
Vehumet
Wu Jian
Xom
Yredelemnul
Zin
The Shining One
Beogh

Shops:
D:4 =   D:6 %   D:7 :   D:11 *   D:14 (   D:15 *   Orc:1 ?   Orc:2 %}%%
Snake:3 }=}

Annotations:
Lair:5 exclusion: oklob plant
Orc:1 2 transporters


Innate Abilities, Weirdness & Mutations

You are resistant to torment.
Your stone body is resilient. (AC +13)
You are immune to poison.
Your large and strong wings let you fly indefinitely.
You resist negative energy. (rN+)
You are resistant to electric shocks. (rElec)
You can survive without breathing.
You are immune to petrification.
You are immune to rotting.


Message History

You slice the white very ugly thing!!
The white very ugly thing is heavily wounded.
The white very ugly thing misses you.
You hit the white very ugly thing.
The white very ugly thing is heavily wounded.
The white very ugly thing completely misses you.
You slash the white very ugly thing!
The white very ugly thing is heavily wounded.
The white very ugly thing trunk-slaps you!
The white very ugly thing freezes you! You resist.
The white very ugly thing trunk-slaps you!!
The white very ugly thing freezes you!! You resist.
* * * LOW HITPOINT WARNING * * *
You closely miss the white very ugly thing.
The white very ugly thing is heavily wounded.
The white very ugly thing trunk-slaps you but does no damage.
The white very ugly thing trunk-slaps you!
* * * LOW HITPOINT WARNING * * *
The white very ugly thing freezes you!! You resist.
You die...

############# #######
##.....#..(..## ##.....#
##......#[.....###......#
#.......#.......#.......#
..#.......#.......#.......#
.........u@..........∩..∩.#
..#.......#.......#.......#
#.......#.......#.......#
##......#......###......#
##.....#(....## ##.....#
############# #######


You could see a white very ugly thing.

Vanquished Creatures
  Polyphemus (Shoals:2)
  4 krakens
  A nagaraja (Snake:2)
  Aizul (Snake:3)
  A very ugly thing (IceCv)
  Snorg (D:14)
  An ettin (D:15)
  The ghost of iVAG the Destroyer, a journeyman DrCj of Vehumet (Lair:3)
  7 merfolk javelineers
  12 merfolk impalers
  A fire dragon (Shoals:2)
  The ghost of Zaennulo the Destroyer, a journeyman DsWz of Vehumet (Lair:1)
  A great orb of eyes (Lair:6)
  3 ogre magi
  The ghost of Alamasebb the Cleaver, a journeyman HOFi of Beogh (D:11)
  3 naga warriors
  4 catoblepae
  5 hydras
  3 merfolk avatars
  5 alligator snapping turtles
  3 centaur warriors
  3 anacondas (Snake:2)
  2 dancing weapons (D:13)
  12 two-headed ogres
  2 death knights
  3 merfolk aquamancers (Shoals:4)
  16 death yaks
  An orc high priest (Orc:2)
  A queen ant (Lair:3)
  Urug (Lair:2)
  3 naga sharpshooters (Snake:2)
  3 shock serpents
  Nergalle (Lair:2)
  3 skeletal warriors (D:13)
  2 salamander mystics
  A death drake (shapeshifter) (D:11)
  3 unseen horrors
  21 sea snakes
  A glowing orange brain (D:11)
  3 deep trolls
  A death drake (Shoals:4)
  A naga ritualist (Snake:2)
  2 lindwurms (Lair:3)
  3 mana vipers (Snake:2)
  A harpy (Shoals:4)
  12 manticores
  3 orc sorcerers
  8 cyclopes
  2 deep elf magi
  7 salamanders
  4 oklob plants (Lair:6)
  17 fauns
  14 ugly things
  13 merfolk sirens
  11 elephants
  6 ice statues
  22 black mambas
  4 centaur zombies
  2 eyes of devastation (Shoals:1)
  7 water nymphs
  7 spiny frogs
  8 naga magi
  3 centaur skeletons (D:11)
  2 rime drakes
  12 komodo dragons
  2 kobold demonologists
  5 yaktaurs (D:14)
  A freezing wraith (D:13)
  A meliai (shapeshifter) (D:11)
  A tengu conjurer (D:13)
  7 wind drakes
  26 merfolk
  14 trolls
  6 polar bears (Lair:6)
  3 meliai (D:13)
  A queen bee (D:13)
  9 hornets
  A blink frog (shapeshifter) (D:11)
  13 blink frogs
  A dream sheep (Lair:6)
  19 hippogriffs
  10 snapping turtles
  13 slime creatures
  7 water elementals
  A shadow (D:11)
  15 spriggans (Lair:6)
  A human (D:7)
  A fire bat (D:14)
  2 hungry ghosts
  2 vampires
  2 basilisks
  3 wyverns
  A steam dragon (D:8)
  3 hogs (D:7)
  A human (shapeshifter) (D:14)
  A golden eye (D:14)
  27 yaks
  2 neqoxecs (D:11)
  6 vampire mosquitoes
  21 nagas
  A warg (Orc:1)
  5 harpy simulacra (IceCv)
  A soldier ant (D:15)
  3 iron troll simulacra (IceCv)
  An acid dragon (shapeshifter) (D:14)
  2 acid dragons
  A hydra simulacrum (IceCv)
  9 porcupines
  23 water moccasins
  10 ice beasts
  5 sky beasts
  7 black bears
  2 hornet zombies
  3 eyes of draining
  19 orc warriors
  4 phantoms
  3 necrophages
  33 wolves
  23 centaurs
  3 boggarts (Lair:6)
  26 ogres
  12 crocodiles
  3 big kobolds
  20 bullfrogs
  Blork the orc (D:5)
  7 gnoll sergeants
  5 scorpions
  20 killer bees (D:13)
  10 wights
  3 howler monkeys (D:9)
  2 electric eels (Snake:3)
  7 crimson imps
  2 bullfrog zombies (D:12)
  8 orc priests
  6 hounds
  19 orc wizards
  2 jellies
  Crazy Yiuf (D:4)
  Ijyb (D:5)
  3 iguanas
  14 worker ants
  2 killer bee zombies
  35 adders
  10 gnolls
  A howler monkey skeleton (D:2)
  2 shadow imps
  3 oozes
  2 worms
  3 dart slugs
  2 leopard geckos
  92 orcs
  3 giant cockroaches
  7 goblins
  5 hobgoblins
  19 jackals
  19 kobolds
  2 quokkas
  A ball python (Lair:2)
  5 bats
  8 frilled lizards
  10 rats
  68 plants
  9 tentacles
1181 creatures vanquished.

Vanquished Creatures (others)
  17 fungi
  27 plants
  11 tentacles
55 creatures vanquished.

Grand Total: 1236 creatures vanquished

Notes
Turn   | Place    | Note
-------+----------+-------------------------------------------
     0 | D:1      | Essalna the Gargoyle Ice Elementalist began the quest for
                  | the Orb.
     0 | D:1      | Reached XP level 1. HP: 10/10 MP: 3/3
   232 | D:1      | Reached XP level 2. HP: 16/16 MP: 3/5
   315 | D:1      | Reached skill level 1 in Fighting
   488 | D:1      | Reached XP level 3. HP: 20/20 MP: 3/6
   862 | D:2      | Found a blossoming altar of Fedhas.
   989 | D:2      | Reached XP level 4. HP: 20/26 MP: 8/8
  1970 | D:3      | Reached XP level 5. HP: 30/31 MP: 5/9
  2268 | D:3      | Found an iron altar of Okawaru.
  2454 | D:3      | Learned a level 3 spell: Frozen Ramparts
  2567 | D:3      | Found a glowing silver altar of Zin.
  2678 | D:4      | Reached skill level 5 in Ice Magic
  2881 | D:4      | Found a staircase to the Ecumenical Temple.
  2890 | Temple   | Entered the Ecumenical Temple
  2969 | Temple   | Became a worshipper of Vehumet
  3094 | D:4      | Reached skill level 1 in Armour
  3094 | D:4      | Reached XP level 6. HP: 37/37 MP: 7/11
  3229 | D:4      | Found a shadowy altar of Dithmenos.
  3304 | D:4      | Found Mohol's Jewellery Boutique.
  3339 | D:4      | Found a runed translucent door.
  3340 | D:4      | Noticed Crazy Yiuf
  3740 | D:4      | Killed Crazy Yiuf
  3810 | D:5      | Entered Level 5 of the Dungeon
  3985 | D:5      | Noticed Ijyb
  3990 | D:5      | Killed Ijyb
  4101 | D:5      | Found a sparkling altar of Nemelex Xobeh.
  4115 | D:5      | Reached XP level 7. HP: 42/42 MP: 8/12
  4149 | D:5      | You fall into a shaft and drop 3 floors!
  4313 | D:8      | Got an ichor-stained war axe
  4315 | D:8      | Identified the +3 war axe "Concordance" {vorpal, +Rage
                  | Str-4 Dex+4 SInv} (You found it on level 8 of the Dungeon)
  4452 | D:8      | Reached * piety under Vehumet
  4452 | D:8      | Offered knowledge of Sandblast by Vehumet.
  4685 | D:8      | Reached XP level 8. HP: 48/48 MP: 10/14
  4948 | D:8      | Found the +11 plutonium sword {*Contam Stlth-}
  5213 | D:8      | Reached skill level 1 in Long Blades
  5249 | D:8      | Noticed a komodo dragon
  5250 | D:8      | Noticed a wyvern
  5261 | D:8      | Killed a wyvern
  5261 | D:8      | Reached skill level 5 in Fighting
  5261 | D:8      | Reached skill level 5 in Spellcasting
  5265 | D:8      | Killed a komodo dragon
  5265 | D:8      | Reached XP level 9. HP: 12/54 MP: 13/16
  5594 | D:7      | Reached skill level 5 in Armour
  5776 | D:7      | Found a shattered altar of Ashenzari.
  5816 | D:7      | Offered knowledge of Searing Ray by Vehumet.
  5831 | D:7      | Reached ** piety under Vehumet
  5845 | D:7      | Found a glowing golden altar of the Shining One.
  5846 | D:7      | Found Eseiman's Book Boutique.
  6115 | D:5      | Noticed Blork the orc
  6120 | D:5      | Killed Blork the orc
  6189 | D:5      | Reached XP level 10. HP: 61/61 MP: 18/18
  6790 | D:6      | Found Yheimyc's Food Emporium.
  7541 | D:8      | Found a staircase to the Lair.
  7646 | Lair:1   | Entered Level 1 of the Lair of Beasts
  7711 | Lair:1   | Got a transparent falchion
  7740 | Lair:1   | Identified the +7 falchion "Mopront" {vorpal, Int+2} (You
                  | found it on level 1 of the Lair of Beasts)
  7761 | Lair:1   | Noticed a black mamba
  7764 | Lair:1   | Killed a black mamba
  7764 | Lair:1   | Reached skill level 5 in Dodging
  7853 | Lair:1   | Got a steaming platinum ring
  7854 | Lair:1   | Identified the ring "Rag Timpero" {+Fly rN+} (You found it
                  | on level 1 of the Lair of Beasts)
  7931 | Lair:1   | Offered knowledge of Mephitic Cloud by Vehumet.
  8168 | Lair:1   | Found a runed translucent door.
  8169 | Lair:1   | Noticed Zaennulo's ghost (journeyman DsWz)
  8234 | Lair:1   | Killed Zaennulo's ghost
  8418 | D:4      | Bought an uncursed amulet of regeneration for 390 gold
                  | pieces
  8950 | Lair:2   | Noticed Urug
  8955 | Lair:2   | HP: 3/63 [Urug/+4 glaive (16)]
  9087 | Lair:2   | Reached *** piety under Vehumet
  9087 | Lair:2   | Reached XP level 11. HP: 64/67 MP: 21/21
  9113 | Lair:2   | Noticed a seven-headed hydra
  9135 | Lair:2   | Killed a seven-headed hydra
  9135 | Lair:2   | Reached skill level 5 in Long Blades
  9151 | Lair:2   | Got a transparent quarterstaff
  9152 | Lair:2   | Identified the cursed +1 quarterstaff of Tenacity {holy,
                  | Fragile +Inv rElec SInv} (You found it on level 2 of the
                  | Lair of Beasts)
  9266 | Lair:2   | Noticed a catoblepas
  9274 | Lair:2   | Killed a catoblepas
  9413 | Lair:2   | Noticed Nergalle
  9425 | Lair:2   | Killed Nergalle
  9459 | Lair:2   | Offered knowledge of Fulminant Prism by Vehumet.
  9625 | Lair:2   | Found a staircase to the Snake Pit.
  9875 | Lair:2   | Killed Urug
 10121 | Lair:3   | Noticed a death yak
 10122 | Lair:3   | Noticed a death yak
 10210 | Lair:3   | Noticed a death yak
 10217 | Lair:3   | Noticed a queen ant
 10217 | Lair:3   | a death yak changed into a queen ant
 10224 | Lair:3   | Killed a queen ant
 10227 | Lair:3   | Killed a death yak
 10229 | Lair:3   | Reached XP level 12. HP: 52/75 MP: 18/23
 10232 | Lair:3   | Killed a death yak
 10233 | Lair:3   | Reached **** piety under Vehumet
 10518 | Lair:3   | Offered knowledge of Stone Arrow by Vehumet.
 10748 | Lair:3   | Found a staircase to the Shoals.
 11072 | Lair:3   | Found a runed translucent door.
 11074 | Lair:3   | Noticed iVAG's ghost (journeyman DrCj)
 11090 | Lair:3   | Killed iVAG's ghost
 11586 | Lair:4   | Reached skill level 10 in Ice Magic
 11836 | Lair:4   | Reached skill level 10 in Fighting
 11972 | Lair:4   | Reached XP level 13. HP: 82/82 MP: 25/25
 12168 | Lair:4   | Reached ***** piety under Vehumet
 12470 | Lair:5   | Learned a level 3 spell: Stone Arrow
 12544 | Lair:5   | Offered knowledge of Irradiate by Vehumet.
 12742 | Lair:5   | Reached skill level 1 in Conjurations
 12742 | Lair:5   | Reached skill level 1 in Earth Magic
 12744 | Lair:5   | Reached skill level 10 in Armour
 12964 | Lair:6   | Entered Level 6 of the Lair of Beasts
 13219 | Lair:5   | Gained mutation: Your large and strong wings let you fly
                  | indefinitely. [Gargoyle growth]
 13219 | Lair:5   | Reached XP level 14. HP: 51/88 MP: 27/27
 13509 | Lair:6   | Learned a level 4 spell: Hailstorm
 13794 | Lair:6   | Learned a level 5 spell: Lee's Rapid Deconstruction
 13797 | Lair:6   | Learned a level 2 spell: Swiftness
 13895 | Lair:6   | Offered knowledge of Airstrike by Vehumet.
 14061 | Lair:6   | Reached skill level 5 in Earth Magic
 14364 | Lair:6   | Found a hazy altar of Hepliaklqana.
 14405 | Lair:6   | Found a staircase to the Slime Pits.
 15797 | D:10     | Entered Level 10 of the Dungeon
 16363 | D:4      | Bought the ring of Orthodoxy {rF+ rC+ Dex+4} for 616 gold
                  | pieces
 16476 | D:11     | Reached skill level 10 in Spellcasting
 16709 | D:11     | Reached skill level 5 in Conjurations
 17037 | D:11     | Found Okud's General Store.
 17076 | D:11     | Offered knowledge of Freezing Cloud by Vehumet.
 17085 | D:11     | Learned a level 6 spell: Freezing Cloud
 17286 | D:11     | Reached XP level 15. HP: 95/95 MP: 29/29
 17335 | D:11     | Found a runed translucent gate.
 17335 | D:11     | Found a runed translucent gate.
 17335 | D:11     | Found a runed translucent gate.
 17474 | D:11     | Found a runed translucent gate.
 17474 | D:11     | Found a runed translucent gate.
 17475 | D:11     | Noticed Alamasebb's ghost (journeyman HOFi)
 17477 | D:11     | Found a runed translucent gate.
 17487 | D:11     | Identified a scroll of acquirement
 17488 | D:11     | Got the -3 pair of boots of Wezeocav {-Tele Int+6}
 17556 | D:11     | Killed Alamasebb's ghost
 17937 | D:12     | Reached ****** piety under Vehumet
 18232 | D:12     | Found a staircase to the Orcish Mines.
 18240 | D:12     | Offered knowledge of Orb of Destruction by Vehumet.
 18765 | Orc:1    | Entered Level 1 of the Orcish Mines
 18786 | Orc:1    | Paralysed by an orc sorcerer for 7 turns
 18800 | D:12     | Paralysed by an orc sorcerer for 4 turns
 18925 | Orc:1    | Learned a level 7 spell: Orb of Destruction
 19192 | Orc:1    | Found Keuph's Magic Scroll Shoppe.
 19288 | Orc:1    | Found a roughly hewn altar of Beogh.
 19288 | Orc:1    | Found a transporter.
 19516 | Orc:1    | Found a transporter.
 19589 | Orc:2    | Entered Level 2 of the Orcish Mines
 19609 | Orc:2    | Found a staircase to the Elven Halls.
 19996 | Orc:2    | Found Midwegg's Food Shoppe.
 19997 | Orc:2    | Found Paev's Food Shoppe.
 20002 | Orc:2    | Found Guramp's Gadget Boutique.
 20027 | Orc:2    | Offered knowledge of Ozocubu's Refrigeration by Vehumet.
 20119 | Orc:2    | Found Qupot's Food Emporium.
 20536 | D:13     | Reached XP level 16. HP: 97/101 MP: 30/30
 21233 | D:13     | Learned a level 6 spell: Ozocubu's Refrigeration
 21244 | D:13     | Offered knowledge of Iskenderun's Battlesphere by Vehumet.
 21265 | D:13     | Found a gate to the Vaults.
 21730 | D:14     | Found Fakofag's Weapon Shoppe.
 21853 | D:14     | Noticed Snorg
 21867 | D:14     | Killed Snorg
 22448 | D:15     | Entered Level 15 of the Dungeon
 22696 | D:15     | Reached skill level 10 in Long Blades
 22698 | D:15     | Offered knowledge of Starburst by Vehumet.
 22823 | D:15     | Found a staircase to the Depths.
 23085 | D:15     | Found a white marble altar of Elyvilon.
 23089 | D:15     | Found Kalytydd's Hallowed Reliquary.
 23096 | D:15     | Bought a potion of heal wounds for 70 gold pieces
 23096 | D:15     | Bought a potion of heal wounds for 70 gold pieces
 23096 | D:15     | Bought a potion of heal wounds for 70 gold pieces
 23868 | Shoals:1 | Entered Level 1 of the Shoals
 23978 | Shoals:1 | Got a dazzling war axe
 23979 | Shoals:1 | Identified the +2 war axe of Duty {antimagic, +Blink +Fly
                  | Str+3 Int-4} (You found it on level 1 of the Shoals)
 24080 | Shoals:1 | Noticed a kraken
 24082 | Shoals:1 | Killed a kraken
 24544 | Shoals:1 | Reached skill level 10 in Dodging
 25128 | Shoals:2 | Reached XP level 17. HP: 65/108 MP: 12/32
 25623 | Shoals:2 | Noticed Polyphemus
 25814 | Shoals:2 | Noticed a kraken
 25817 | Shoals:2 | Killed a kraken
 25884 | Shoals:2 | Killed Polyphemus
 25884 | Shoals:2 | Offered knowledge of Shatter by Vehumet.
 25884 | Shoals:2 | Offered knowledge of Chain Lightning by Vehumet.
 25884 | Shoals:2 | Offered knowledge of Ignition by Vehumet.
 26511 | Shoals:3 | Found an opulent altar of Gozag.
 27482 | Shoals:4 | Entered Level 4 of the Shoals
 27589 | Shoals:4 | Reached skill level 10 in Earth Magic
 27596 | Shoals:4 | Noticed a kraken
 27600 | Shoals:4 | Killed a kraken
 27726 | Shoals:4 | Reached XP level 18. HP: 115/115 MP: 33/33
 28162 | Shoals:4 | Identified Further Progress in Witchcraft
 28183 | Shoals:4 | Got a barnacled rune of Zot
 28687 | Shoals:4 | Got a citrine-studded chain mail
 29208 | Snake:1  | Entered Level 1 of the Snake Pit
 29566 | Snake:1  | Identified the +1 chain mail of Iriamarovot {Stlth+} (You
                  | found it on level 4 of the Shoals)
 29755 | Snake:2  | Reached skill level 10 in Conjurations
 31378 | Snake:3  | Noticed Aizul
 31387 | Snake:3  | Killed Aizul
 31407 | Snake:3  | Found Anoef's Gadget Shop.
 31407 | Snake:3  | Found Courey's Jewellery Emporium.
 31408 | Snake:3  | Found Igammobb's Gadget Shop.
 31503 | Snake:3  | Found a frozen archway.
 31523 | IceCv    | Entered an ice cave
 31944 | IceCv    | Mangled by a white very ugly thing

Illustrated notes

Levels and vault maps discovered:
D:1:      roderic_crossed_star, layout_rooms
D:2:      layout_loops_ring, nicolae_overflow_crystal_walls, first_ration
D:3:      layout_rooms, zin_statuary, okawaru_ov_weapons_minmay, minmay_unequal
D:4:      layout_rooms, kennysheep_mini, minmay_temple_entry_arrows,
          serial_shops, nicolae_shop_crystal, grunt_decor_mini_mirrors,
          serial_bayou_lake_a, uniq_crazy_yiuf_cottage
D:5:      layout_loops_corners, nemelex_diamond_rough_becter,
          uniq_blork_the_orc, uniq_ijyb
D:6:      layout_rooms, serial_shops,
          nicolae_shop_temple_entry_statues_fountains
D:7:      layout_basic, tso_metal_star, ashenzari_altar_1, serial_shops, shop,
          grunt_livestock
D:8:      layout_basic, erik_lair_dragon
D:9:      layout_gridville, minmay_misc_feat_diagonals
D:10:     layout_roguey
D:11:     layout_irregular_city, ploomutoo_gammafunk_ghost_potion_laboratory,
          serial_shops, shop, minmay_misc_feat_five
D:12:     layout_roguey, kennysheep_orc_monster_closet_entryway
D:13:     layout_roguey [special_room_bee], erik_vaults_1, grunt_ministairs_9,
          nicolae_straight_to_the_point
D:14:     layout_roguey, serial_shops, shop, chequers_serial_rivers_micro_c,
          serial_bayou_pond_d, uniq_snorg
D:15:     hangedman_depths_entry_civil_slaughter, layout_grid_maze,
          chequers_serial_rivers_small_a, nicolae_good_shop
Temple:   eino_temple_rhombus
Lair:1:   layout_cave_pods, ebering_ghost_reflecting_pool
Lair:2:   layout_loops_ring, minmay_snake_entry_six_corridors, uniq_urug,
          uniq_nergalle
Lair:3:   minmay_lair_venomous_thicket, layout_loops_ring,
          elwin_shoals_entry_rocks, ebering_ghost_inner_flame,
          infiniplex_staircase_pool
Lair:4:   layout_hall_layers, bh_autumn_forest_stairs,
          chequers_serial_rivers_micro_b, beast_lair_carwin_8
Lair:5:   layout_regular_city, beast_lair_carwin_7
Lair:6:   minmay_lair_end_enchanted_forest, layout_cave_shapes, slime_dummy,
          basic_altar, nicolae_lair_yak_garden, minmay_lair_oklob_chamber,
          grunt_megastairs_2
Shoals:1: layout_shoals
Shoals:2: layout_shoals, uniq_polyphemus
Shoals:3: layout_shoals, lemuel_centaur_altar
Shoals:4: shoals_end_simple, layout_shoals
Snake:1:  layout_misc_corridors, serial_bayou_crossing
Snake:2:  layout_chambers
Snake:3:  layout_basic, portal_ice_cave_entry_ice_statue_one, special_room,
          minmay_shop_grove, uniq_aizul
Orc:1:    gammafunk_beogh_shrine, layout_diamond_mine, serial_shops, shop
Orc:2:    st_orc_open, layout_diamond_mine
IceCv:    ice_cave_statue_garden_chambered

Skill      XL: |  1  2  3  4  5  6  7  8  9 10 11 12 13 14 15 16 17 18 |
---------------+-------------------------------------------------------+-----
Fighting       | 1 2 3 4 5 6 7 8 10 11 12 13 14 | 14.1
Spellcasting   | 3 4 5 6 7 8 9 10 11 12 | 12.3
Ice Magic      | 5 6 7 8 9 10 11 12 13 | 13.7
Armour         | 1 2 3 4 5 7 8 9 10 11 12 13 14 | 14.0
Dodging        | 2 3 4 5 6 7 8 9 10 11 | 11.1
Long Blades    | 2 3 4 6 7 8 9 10 11 | 11.0
Conjurations   | 3 5 6 8 9 10 | 10.0
Earth Magic    | 3 5 7 9 10 11 | 11.5
Stealth        | |  2.1

Action                   |  1- 3 |  4- 6 |  7- 9 | 10-12 | 13-15 | 16-18 || total
-------------------------+-------+-------+-------+-------+-------+-------++-------
Melee: Short sword       |    51 |    25 |       |       |       |       ||    76
       Spear             |       |   105 |       |       |       |       ||   105
       Falchion          |       |    35 |    13 |       |       |       ||    48
       War axe           |       |       |    71 |       |       |       ||    71
       Triple sword      |       |       |    57 |   350 |   714 |   738 ||  1859
       Unarmed           |       |       |       |       |    10 |       ||    10
 Cast: Freeze            |    31 |    58 |       |       |    23 |       ||   112
       Frozen Ramparts   |       |     4 |    17 |    30 |    75 |    46 ||   172
       Hailstorm         |       |       |       |       |    33 |     7 ||    40
       Lee's Rapid Decon |       |       |       |       |    15 |    39 ||    54
       Ozocubu's Refrige |       |       |       |       |       |   122 ||   122
 Abil: Fly               |       |       |       |       |       |     4 ||     4
       Stop Flying       |       |       |       |       |       |     3 ||     3
Evoke: Wand              |       |       |       |     2 |       |       ||     2
  Use: Scroll            |       |     9 |     1 |     7 |    10 |     8 ||    35
       Potion            |       |       |       |     3 |     7 |     2 ||    12
 Stab: Sleeping          |       |     2 |     1 |       |       |       ||     3
  Eat: Chunk             |     1 |    10 |     8 |    20 |    34 |    70 ||   143
       Ration            |       |       |       |       |       |     2 ||     2
Armor: Robe              |    19 |    38 |    59 |    10 |       |       ||   126
       Steam dragon scal |       |       |       |   215 |   564 |   106 ||   885
       Acid dragon scale |       |       |       |       |       |   264 ||   264
       Skin              |       |       |       |       |       |    73 ||    73
Dodge: Dodged            |    48 |   162 |   186 |   470 |  1273 |  1074 ||  3213
       Rpst.: Falchion   |       |    14 |     5 |       |       |       ||    19
       Triple sword      |       |       |    17 |   122 |   298 |   244 ||   681

Table legend:
 A = Non-vault XP
 B = Vault XP
 C = Vault XP percentage of total XP
 D = Non-vault monster count
 E = Vault monster count
 F = Vault count percentage of total count
                 A         B        C        D         E       F
            +---------+---------+-------+---------+---------+-------
      Total |  201086 |  111742 |  35.7 |     792 |     312 |  28.3
            +---------+---------+-------+---------+---------+-------
        D:1 |      49 |       0 |   0.0 |      26 |       0 |   0.0
        D:2 |      98 |       0 |   0.0 |      27 |       0 |   0.0
        D:3 |      82 |       5 |   5.7 |      20 |       3 |  13.0
        D:4 |     111 |      37 |  25.0 |      12 |       1 |   7.7
        D:5 |     368 |     127 |  25.7 |      12 |       2 |  14.3
        D:6 |     941 |       0 |   0.0 |      15 |       0 |   0.0
        D:7 |     620 |     981 |  61.3 |      16 |       5 |  23.8
        D:8 |     945 |     970 |  50.7 |      31 |       5 |  13.9
        D:9 |    2456 |       0 |   0.0 |      36 |       0 |   0.0
       D:10 |    1720 |       0 |   0.0 |      25 |       0 |   0.0
       D:11 |    9879 |    5705 |  36.6 |      67 |      11 |  14.1
       D:12 |    8305 |    1823 |  18.0 |      33 |      20 |  37.7
       D:13 |   12514 |    4474 |  26.3 |      47 |      30 |  39.0
       D:14 |    9726 |    1190 |  10.9 |      35 |       1 |   2.8
       D:15 |    8223 |    5504 |  40.1 |      21 |       6 |  22.2
     Lair:1 |    2365 |    1637 |  40.9 |      14 |       3 |  17.6
     Lair:2 |    4024 |    2620 |  39.4 |      15 |      14 |  48.3
     Lair:3 |    7773 |    3114 |  28.6 |      25 |      16 |  39.0
     Lair:4 |    2062 |    4981 |  70.7 |       9 |      11 |  55.0
     Lair:5 |    8106 |   10505 |  56.4 |      28 |      17 |  37.8
     Lair:6 |   10010 |   12328 |  55.2 |      33 |      57 |  63.3
   Shoals:1 |   10674 |       0 |   0.0 |      17 |       0 |   0.0
   Shoals:2 |   16840 |    6674 |  28.4 |      25 |       6 |  19.4
   Shoals:3 |   16307 |     463 |   2.8 |      31 |       4 |  11.4
   Shoals:4 |   25963 |   25204 |  49.3 |      43 |      40 |  48.2
    Snake:1 |    8520 |       0 |   0.0 |      20 |       0 |   0.0
    Snake:2 |   22537 |       0 |   0.0 |      45 |       0 |   0.0
    Snake:3 |    4888 |    2165 |  30.7 |       9 |       2 |  18.2
      Orc:1 |    1519 |       0 |   0.0 |      26 |       0 |   0.0
      Orc:2 |    3461 |   15289 |  81.5 |      29 |      37 |  56.1
      IceCv |       0 |    5946 | 100.0 |       0 |      21 | 100.0
            +---------+---------+-------+---------+---------+-------
